 Dungeon Crawl Stone Soup version 0.22-a0-571-g4a923d4 (webtiles) character file.

14 kae the Vandal (level 2, 0/19 HPs)
             Began as a Halfling Hunter on July 1, 2018.
             Slain by a jackal (3 damage)
             ... on level 1 of the Dungeon.
             The game lasted 00:00:49 (330 turns).

kae the Vandal (Halfling Hunter)                     Turns: 330, Time: 00:00:50

Health: 0/19       AC:  3    Str: 13    XL:     2   Next: 55%
Magic:  2/2        EV: 14    Int:  9    God:
Gold:   13         SH:  0    Dex: 14    Spells: 1/1 levels left

rFire    . . .     SeeInvis .   a - +1 hunting sling
rCold    . . .     Gourm    .   (shield restricted)
rNeg     . . .     Faith    .   c - +0 leather armour
rPois    .         Spirit   .   (no helmet)
rElec    .         Reflect  .   (no cloak)
rCorr    .         Harm     .   (no gloves)
MR       .....                  (no boots)
Stlth    +.........             (no amulet)
HPRegen  0.06/turn              (no ring)
MPRegen  0.08/turn              (no ring)

@: no status effects
A: small, mutation resistance 1
a: no special abilities


You were on level 1 of the Dungeon.
You were not hungry.

You visited 1 branch of the dungeon, and saw 1 of its levels.

You collected 13 gold pieces.

Inventory:

Hand Weapons
 a - a +1 hunting sling (weapon)
 b - a +0 short sword
Missiles
 d - 4 sling bullets (quivered)
Armour
 c - a +0 leather armour (worn)
Potions
 e - 2 potions of brilliance {unknown}
Comestibles
 f - a ration


   Skills:
 + Level 2.1 Fighting
 * Level 6.4 Slings
 - Level 2.1 Dodging
 - Level 1.1 Stealth


You had one spell level left.
You didn't know any spells.
Your spell library was empty.

Dungeon Overview and Level Annotations

Branches:
Dungeon (1/15)

Altars:


Innate Abilities, Weirdness & Mutations

You are small and have problems with some larger weapons.
You are somewhat resistant to further mutation.


Message History

Press: ? - help, Shift-Dir - straight line, f/p - bat
Aim: a bat (heavily wounded)
You shoot a sling bullet. The sling bullet misses the bat.
The bat hits you.
* * * LOW HITPOINT WARNING * * *
The jackal misses you.
Firing (i - inventory)
d - 6 sling bullets (quivered)
Press: ? - help, Shift-Dir - straight line, f/p - bat
Aim: a bat (heavily wounded)
You shoot a sling bullet.
The sling bullet closely misses the bat.
The jackal bites you but does no damage.
The bat misses you. The jackal barely misses you.
Firing (i - inventory)
d - 5 sling bullets (quivered)
Press: ? - help, Shift-Dir - straight line, f/p - bat
Aim: a bat (heavily wounded)
You shoot a sling bullet. The sling bullet barely misses the bat.
The bat hits you.
* * * LOW HITPOINT WARNING * * *
The jackal bites you.
You die...

........###...
........#.#.# ...####
........#...# ..(..(.
...........># .......
..........#.# .......
.##.#.....#.# .....
.....####.#.# ...#
###..# #.#.#####.b.#
#..# #.#(lhlh@(.(# #..#
#.#.h####...#
####.####.#..# ...#
##...)....#l.# ####
...#..#####lh##########
##....# #.h...h.....#
###..#####...........#
.[.................#
.#.#.#.#............#


You could see 3 jackals, a bat and 2 frilled lizards.

Vanquished Creatures
  A giant cockroach (D:1)
  A goblin (D:1)
  2 hobgoblins (D:1)
  4 jackals (D:1)
  3 bats (D:1)
11 creatures vanquished.

Notes
Turn   | Place    | Note
-------+----------+-------------------------------------------
     0 | D:1      | kae the Halfling Hunter began the quest for the Orb.
     0 | D:1      | Reached XP level 1. HP: 14/14 MP: 1/1
    76 | D:1      | Reached skill level 6 in Slings
   213 | D:1      | Reached XP level 2. HP: 19/19 MP: 2/2
   330 | D:1      | Slain by a jackal

Vault maps used:
D:1:      lightli_molten_gateway

Skill      XL: |  1 |
---------------+----+-----
Slings         | 6 |  6.4
Fighting       | 2 |  2.1
Dodging        | |  2.1
Stealth        | |  1.1

Action                   || total
-------------------------++-------
Melee: Short sword       ||    32
 Fire: Hunting sling     ||    16
 Stab: Sleeping          ||     1
Armor: Leather armour    ||    35
Dodge: Dodged            ||   105

Table legend:
 A = Spawn XP
 B = Non-spawn XP
 C = Spawn XP percentage of total XP
 D = Spawn monster count
 E = Non-spawn monster count
 F = Spawn count percentage of total count
 G = Total turns spent on level
                    A         B        C        D         E        F      G
               +---------+---------+-------+---------+---------+-------+---------
         Total |       0 |      20 |   0.0 |       0 |      11 |   0.0 |   330
               +---------+---------+-------+---------+---------+-------+---------
           D:1 |       0 |      20 |   0.0 |       0 |      11 |   0.0 |   330
               +---------+---------+-------+---------+---------+-------+---------
